 Dungeon Crawl Stone Soup version 0.20-a0-899-g09a9bfb (webtiles) character file.

120 BrendanD the Slasher (level 4, -2/52 HPs)
             Began as a Demonspawn Berserker on Mar 18, 2017.
             Was a Follower of Trog.
             Slain by a hippogriff (5 damage)
             ... on level 4 of the Dungeon.
             The game lasted 00:02:51 (1322 turns).

BrendanD the Slasher (Demonspawn Berserker)         Turns: 1322, Time: 00:02:51

Health: -2/52      AC:  5    Str: 24    XL:     4   Next: 75%
Magic:  4/4        EV: 12    Int:  8    God:    Trog [*.....]
Gold:   116        SH:  0    Dex: 12    Spells: 3/3 levels left

rFire    . . .     SeeInvis .   a - +0 falchion
rCold    . . .     Gourm    .   b - +0 animal skin
rNeg     . . .     Faith    .   (no shield)
rPois    .         Spirit   .   (no helmet)
rElec    .         Reflect  .   (no cloak)
rCorr    .         Harm     .   f - +0 pair of gloves
MR       .....                  (no boots)
Stlth    ..........             (no amulet)
Regen    0.2/turn               (no ring)
MPRegen  0.1/turn               (no ring)

@: berserking, very quick
A: talons 1, slimy green scales 1
a: Berserk, Burn Spellbooks, Renounce Religion


You were on level 4 of the Dungeon.
You worshipped Trog.
Trog was aware of your devotion.
You were not hungry.

You visited 1 branch of the dungeon, and saw 3 of its levels.

You collected 116 gold pieces.

Inventory:

Hand Weapons
 a - a +0 falchion (weapon)
Armour
 b - a +0 animal skin (worn)
 f - a +0 pair of gloves (worn)
Scrolls
 d - 2 scrolls of identify {unknown}
 e - a scroll of remove curse {unknown}
 i - a scroll of enchant armour {unknown}
 j - 3 scrolls of teleportation {unknown}
Potions
 g - 2 potions of magic {unknown}
 h - a potion of flight {unknown}
Comestibles
 c - a bread ration
 k - a meat ration
 l - a royal jelly


   Skills:
 - Level 3.0 Fighting
 + Level 5.0 Long Blades
 - Level 1.7 Armour
 - Level 1.7 Dodging


You had 3 spell levels left.
You didn't know any spells.

Dungeon Overview and Level Annotations

Branches:
Dungeon (2/15)

Altars:


Innate Abilities, Weirdness & Mutations

You have sharp toenails.
You are partially covered in slimy green scales. (AC +2)


Message History

The hippogriff bites you!
* * * LOW HITPOINT WARNING * * *
The hippogriff pecks you.
* * * LOW HITPOINT WARNING * * *
The hippogriff claws you!
* * * LOW HITPOINT WARNING * * *
You slash the hippogriff! You claw the hippogriff! The orc barely misses you.
Unknown command.
You slash the hippogriff! You claw the hippogriff. The hippogriff bites you!
* * * LOW HITPOINT WARNING * * *
The hippogriff pecks you.
* * * LOW HITPOINT WARNING * * *
The hippogriff claws you.
* * * LOW HITPOINT WARNING * * *
The orc closely misses you.
You hit the orc.
You kill the orc!
Trog accepts your kill. The hippogriff barely misses you.
The hippogriff pecks you.
You die...

.. ##........ #.
...######. #. ####..## #.
# ###. #... ..# #.
#.##...##..# #.# ##
#!....#... #.# #
####.....# #.# #
.......)H#### ##.# #
...#...#@...###..#
......#####..#..#########
...... ##............#
..... ##.#########.#
..... ...# #######.# ....
##.### #.....[.# ...<
##.. ###.......#
#..####.........#
.....#...#.......#


You could see a hippogriff.

Vanquished Creatures
  Blork the orc (D:4)
  A gnoll (D:1)
  A dart slug (D:2)
  2 leopard geckos (D:1)
  4 orcs (D:4)
  3 bats (D:1)
  3 goblins (D:1)
  5 hobgoblins (D:1)
  8 jackals
  2 kobolds (D:1)
  A frilled lizard (D:1)
  2 rats (D:1)
33 creatures vanquished.

Notes
Turn   | Place    | Note
-------+----------+-------------------------------------------
     0 | D:1      | BrendanD the Demonspawn Berserker began the quest for the Orb.
     0 | D:1      | Reached XP level 1. HP: 18/18 MP: 1/1
    19 | D:1      | Reached skill level 3 in Long Blades
   108 | D:1      | Gained mutation: You have sharp toenails. [demonic ancestry]
   108 | D:1      | Reached XP level 2. HP: 16/24 MP: 2/2
   367 | D:1      | Gained mutation: You are partially covered in slimy green scales. (AC +2) [demonic ancestry]
   367 | D:1      | Reached XP level 3. HP: 16/29 MP: 3/3
   767 | D:1      | Reached skill level 4 in Long Blades
  1132 | D:2      | You fall through a shaft for 2 floors!
  1188 | D:4      | Noticed Blork the orc
  1194 | D:4      | Killed Blork the orc
  1194 | D:4      | Reached skill level 5 in Long Blades
  1194 | D:4      | Reached XP level 4. HP: 35/35 MP: 4/4
  1315 | D:4      | Noticed a hippogriff
  1322 | D:4      | Slain by a hippogriff

Vault maps used:
D:1:      kilobyte_arrival_exit_the_forest, minmay_misc_feat_diagonals,
          st_stairs_9, minmay_misc_feat_nine_boxes
D:2:      chequers_temple_overflow_statue_of_worship,
          lemuel_zombie_altar_kikubaaqudgha, first_bread
D:4:      gammafunk_temple_overflow_pools, uniq_pikel, uniq_blork_the_orc,
          uniq_eustachio

Skill      XL: |  1  2  3 |
---------------+----------+-----
Long Blades    | 3 5 |  5.0
Fighting       | |  3.0
Armour         | |  1.7
Dodging        | |  1.7

Action                   |  1- 3 |  4- 6 || total
-------------------------+-------+-------++-------
Melee: Falchion          |    73 |    14 ||    87
       Kick              |    16 |     6 ||    22
Invok: Berserk           |     4 |     1 ||     5
  Eat: Chunk             |     4 |       ||     4
       Bread ration      |       |     1 ||     1
Armor: Animal skin       |    26 |     2 ||    28
Dodge: Dodged            |    74 |    10 ||    84
       Rpst.: Falchion   |    24 |     1 ||    25
